 Dungeon Crawl Stone Soup version 0.31-a0-963-ga325b2283a (webtiles) character file.

Game seed: 4696624622756234059

428 Maxmaps the Sneak (level 6, 0/44 HPs)
             Began as an Octopode Shapeshifter on Oct 24, 2023.
             Slain by an ice beast (13 damage)
             ... on level 4 of the Dungeon.
             The game lasted 00:04:25 (2983 turns).

Maxmaps the Sneak (Octopode Shapeshifter)           Turns: 2983, Time: 00:04:26

Health: 0/44       AC:  1    Str: 14    XL:     6   Next: 98%
Magic:  6/6        EV: 13    Int: 14    God:
Gold:   177        SH:  0    Dex: 11    Spells: 5/5 levels left

rFire   . .          .
                       - Unarmed
rCold   . . .        (no shield)
rNeg    . . .        (helmet currently unavailable)
rPois   .            (no amulet)
rElec   .            e - ring of flight
rCorr   .            (no ring)
SInv    .            (no ring)
Will    .....        (no ring)
Stlth   ++++         (no ring)
HPRegen 0.27/turn    (no ring)
MPRegen 0.10/turn    (no ring)
                     (no ring)

%: no passive effects
@: beast-form, flying
A: beast (slay +1), almost no armour, amphibious, 8 rings, camouflage 1,
gelatinous body 1, (nimble swimmer 1), tentacles
a: Begin Untransformation


You were on level 4 of the Dungeon.
You were a hulking beast.
You visited 1 branch of the dungeon, and saw 4 of its levels.

You collected 177 gold pieces.

Inventory:

Hand Weapons
 i - a +0 dagger of venom
Jewellery
 e - a ring of flight (left tentacle)
Talismans
 b - a beast talisman
 c - a flux talisman
Potions
 a - 2 potions of haste
 f - 2 potions of curing
 g - a potion of mutation {unknown}
 j - a potion of degeneration {unknown}


   Skills:
 + Level 4.6 Fighting
 - Level 2.0 Dodging
 - Level 7.2 Stealth
 - Level 3.0 Unarmed Combat
 - Level 3.0 Shapeshifting


You had 5 spell levels left.
You didn't know any spells.
Your spell library contained the following spells:

 Spells                   Type           Power      Damage    Failure   Level
 Magic Dart               Conj           0%         1d3       28%         1
 Call Imp                 Summ           0%         N/A       41%         2
 Ensorcelled Hibernation  Hex/Ice        0%         N/A       41%         2
 Jinxbite                 Hex            0%         N/A       41%         2
 Mephitic Cloud           Conj/Pois/Air  0%         N/A       65%         3
 Anguish                  Hex/Necr       0%         N/A       96%         4


Dungeon Overview and Level Annotations

Branches:
Dungeon (4/15)             Temple (0/1) D:4

Altars:


Innate Abilities, Weirdness & Mutations

You are a hulking beast.
Your limbs bulge with bestial killing power. (Slay +1)
You cannot wear most types of armour.
You are amphibious.
You can wear up to eight rings at the same time.
Your skin changes colour to match your surroundings (Stealth+).
Your rubbery body absorbs attacks. (AC +1, EV +1)
((You are camouflaged when in or above water. (Stealth+)))
You have tentacles for arms and can constrict up to eight enemies at once.


Message History

There is an open door here.
A hobgoblin comes into view.
A hobgoblin is nearby!
Found 4 stones.
A hobgoblin is nearby!
Found a staircase to the Ecumenical Temple.
An ice beast comes into view.
The helpless hobgoblin fails to defend itself.
You bludgeon the hobgoblin!
You kill the hobgoblin!
You tentacle-slap the ice beast. You squeeze the ice beast!
The ice beast is heavily wounded.
The ice beast hits you. The ice beast freezes you.
You tentacle-slap the ice beast.
The ice beast is heavily wounded.
The ice beast hits you. The ice beast freezes you!
You tentacle-slap the ice beast but do no damage.
The ice beast is heavily wounded.
The ice beast hits you. The ice beast freezes you!
* * * LOW HITPOINT WARNING * * *
You are too injured to fight recklessly!
You are too injured to fight recklessly!
You are too injured to fight recklessly!
You are too injured to fight recklessly!
You are too injured to fight recklessly!
You are too injured to fight recklessly!
You are too injured to fight recklessly!
You feel much better. The ice beast barely misses you.
You barely miss the ice beast. You squeeze the ice beast!
The ice beast is almost dead.
The ice beast hits you. The ice beast freezes you.
You tentacle-slap the ice beast but do no damage.
The ice beast is almost dead.
The ice beast hits you. The ice beast freezes you!
You tentacle-slap the ice beast but do no damage.
The ice beast is almost dead.
The ice beast hits you.
* * * LOW HITPOINT WARNING * * *
The ice beast freezes you!
You die...

#.####.# ..#.#.#
#.#..#.# #.#.#.#.#..#
#.#....# #..#.>.#...#
#.##.### #.#.#.#.#..#
#.....# #..#.#.#...#
####..##+##...#.#....#
#.....#..............#
#.....'...........+
.###.###...#....hY.#
.......+...+.......#
####.###...##..†...#
#.# #...##...(..# #.#
######......# #.#
#......# ####.#
#......# .....#
######## ##.###


You could see an ice beast.

Vanquished Creatures
  A water moccasin (D:3)
  A black bear (D:3)
  A hound (D:3)
  An orc wizard (D:3)
  Robin (D:2)
  4 adders
  2 worms
  3 dart slugs
  3 orcs (D:3)
  5 bats
  8 endoplasms
  5 giant cockroaches (D:1)
  15 goblins
  10 hobgoblins
  9 jackals
  7 quokkas
  12 ball pythons
  8 frilled lizards
  7 kobolds
  6 rats
109 creatures vanquished.

Notes
Turn   | Place    | Note
-------+----------+-------------------------------------------
     0 | D:1      | Maxmaps the Octopode Shapeshifter began the quest for the
                  | Orb.
     0 | D:1      | Reached XP level 1. HP: 13/13 MP: 1/1
    39 | D:1      | Reached skill level 1 in Stealth
   152 | D:1      | Reached skill level 2 in Stealth
   159 | D:1      | Reached XP level 2. HP: 18/18 MP: 2/2
   205 | D:1      | Reached skill level 3 in Stealth
   328 | D:1      | Reached XP level 3. HP: 23/23 MP: 3/3
   553 | D:1      | Reached skill level 4 in Stealth
   923 | D:2      | Reached skill level 5 in Stealth
   923 | D:2      | Reached XP level 4. HP: 20/28 MP: 4/4
  1198 | D:2      | Noticed Robin
  1227 | D:2      | Reached skill level 6 in Stealth
  1243 | D:2      | Killed Robin
  1244 | D:2      | Reached XP level 5. HP: 17/33 MP: 5/5
  1417 | D:2      | Found a faded altar of an unknown god.
  1624 | D:3      | Reached skill level 7 in Stealth
  1668 | D:3      | Noticed a water moccasin
  1780 | D:3      | Noticed a black bear
  1794 | D:3      | Killed a black bear
  1795 | D:3      | Reached XP level 6. HP: 8/42 MP: 6/6
  2491 | D:3      | Killed a water moccasin
  2969 | D:4      | Found a staircase to the Ecumenical Temple.
  2971 | D:4      | Noticed an ice beast
  2983 | D:4      | Slain by an ice beast

Illustrated notes

Levels and vault maps discovered:
D:1:      dpeg_arrival_rooms_with_view, layout_basic, serial_bayou_pond_b,
          corner_web_ring, grunt_decor_fettered, minmay_misc_feat_nine_boxes,
          minmay_tiny_reverse_x
D:2:      cheibrodos_helix_gallery, layout_rooms,
          ebering_ecumenical_altar_abandoned, uniq_robin
D:3:      minmay_razor_zed, layout_basic
D:4:      layout_basic, minmay_temple_entry_grid, minmay_checkerbox, uniq_ijyb,
          uniq_crazy_yiuf_cottage, uniq_blork_the_orc

Skill      XL: |  1  2  3  4  5  6 |
---------------+-------------------+-----
Stealth        | 2 3 5 6 7 |  7.2
Fighting       | 3 4 |  4.6
Dodging        | |  2.0
Unarmed Combat | |  3.0
Shapeshifting  | |  3.0

Action                     |  1- 3 |  4- 6 || total
---------------------------+-------+-------++-------
  Melee: Unarmed           |    75 |   135 ||   210
         Tentacles         |    18 |    21 ||    39
         Constrict         |    19 |    19 ||    38
         Punch             |     1 |     3 ||     4
    Use: Potion            |       |     3 ||     3
         Scroll            |       |     5 ||     5
   Stab: Sleeping          |    11 |    16 ||    27
         Distracted        |       |     1 ||     1
 Armour: Skin              |    23 |    83 ||   106
  Dodge: Dodged            |    34 |    68 ||   102

Table legend: (Time is in decaauts)
 A = Elapsed time spent in this place.
 B = Non-inter-level travel time spent in this place.
 C = Inter-level travel time spent in this place.
 D = Time resting spent in this place.
 E = Time spent auto-exploring this place.
 F = Levels seen in this place.
 G = Mean time per level.
                   A        B        C        D        E       F      G
               +--------+--------+--------+--------+--------+-----+--------+
         Total |   2972 |   2890 |     82 |    473 |   1862 |   4 |  743.0 |
       Dungeon |   2972 |   2890 |     82 |    473 |   1862 |   4 |  743.0 |
               +--------+--------+--------+--------+--------+-----+--------+

Top non-repeatable levels by time:
     D:3: 1332 daAuts
     D:1: 1079 daAuts
     D:2: 492 daAuts
     D:4: 68 daAuts
